 Dungeon Crawl Stone Soup version 0.17-a0-977-g4154171 (webtiles) character file.

720 oplop the Gusty (level 7, -1/42 HPs)
             Began as a Tengu Air Elementalist on May 10, 2015.
             Was an Initiate of Vehumet.
             Slain by a worker ant (6 damage)
             ... on level 5 of the Dungeon.
             The game lasted 00:13:36 (5141 turns).

oplop the Gusty (Tengu Air Elementalist)            Turns: 5141, Time: 00:13:36

Health: -1/42      AC:  2    Str:  8    XL:     7   Next: 70%
Magic:  14/14      EV: 12    Int: 18    God:    Vehumet [......]
Gold:   234        SH:  0    Dex: 14    Spells: 4 memorised, 6 levels left

rFire  . . .     SeeInvis .     p - +2 dagger (flame)
rCold  . . .     Clarity  .     a - +0 robe
rNeg   . . .     SustAb   .     (no shield)
rPois  .         Gourm    .     (helmet restricted)
rElec  .         Spirit   .     (no cloak)
rCorr  .         Warding  .     (no gloves)
rMut   .         Stasis   .     (boots unavailable)
MR     .....                    (no amulet)
Stlth  ++........               (no ring)
                                (no ring)

@: very slightly contaminated, repel missiles, not resistant to hostile
enchantments, unstealthy
A: beak, talons 3, able to fly 1
a: Fly, Renounce Religion


You were on level 5 of the Dungeon.
You worshipped Vehumet.
Vehumet was noncommittal.
You were hungry.

You visited 1 branch of the dungeon, and saw 5 of its levels.
You also visited: Ossuary.

You collected 234 gold pieces.

Inventory:

Hand weapons
 p - a +2 dagger of flaming (weapon)
 q - a +1 short sword
Armour
 a - a +0 robe (worn)
Jewellery
 k - an uncursed ring of teleportation
Magical devices
 r - a wand of confusion (27)
Scrolls
 e - a scroll of amnesia
 i - 4 scrolls of identify
 j - a scroll of enchant weapon
 s - a scroll of random uselessness {unknown}
 u - a scroll of fog {unknown}
 v - a scroll of noise
 w - a scroll of fear {unknown}
Potions
 d - a potion of brilliance
 g - 3 potions of cure mutation
 h - a potion of flight {unknown}
 o - a potion of ambrosia {unknown}
 t - a potion of curing
Books
 b - a book of Air

   Spells                             Type                      Level
   a - Shock                          Conjuration/Air              1
   b - Swiftness                      Charms/Air                   2
   c - Repel Missiles                 Charms/Air                   2
   d - Flight                         Charms/Air                   3
   e - Static Discharge               Conjuration/Air              3
   f - Lightning Bolt                 Conjuration/Air              5
Comestibles
 c - 3 bread rations
 f - 3 slices of pizza
 l - a chunk of flesh
 m - a meat ration
 n - 4 fruits


   Skills:
 + Level 3.7 Fighting
 - Level 2.1 Dodging
 - Level 2.0 Stealth
 + Level 4.2 Spellcasting
 + Level 5.7 Conjurations
 + Level 6.5 Air Magic


You had 6 spell levels left.
You knew the following spells:

 Your Spells              Type           Power        Failure   Level  Hunger
a - Shock                 Conj/Air       ####         1%          1    None
b - Static Discharge      Conj/Air       ####....     3%          3    ###....
c - Swiftness             Chrm/Air       ###.....     8%          2    ##.....
d - Repel Missiles        Chrm/Air       ###...       8%          2    ##.....


Dungeon Overview and Level Annotations

Branches:
Dungeon (5/15)             Temple (0/1) D:5

Altars:
Okawaru
Ru
Sif Muna
Trog
Vehumet

Annotations:
D:4 exclusion: 4 doors


Innate Abilities, Weirdness & Mutations

You have a beak for a mouth.
You have claws for feet.
You can fly.


Message History

The hobgoblin zombie barely misses you.
There is a gate leading back out of this place here.
You see here a potion of cure mutation.
g - 3 potions of cure mutation (gained 1)
You feel yourself slow down.
The hobgoblin zombie closely misses you.
The hobgoblin zombie hits you.
* * * LOW HITPOINT WARNING * * *
The kobold zombie closely misses you. The rat zombie misses you.
The rat zombie barely misses you.
There is a gate leading back out of this place here.
A poisoned needle hits the hobgoblin zombie!
The kobold zombie barely misses you.
Welcome back to the Dungeon!
You hear the sound of rushing water.
There is an entrance to a sewer on this level.
Hurry and find it before the portal rusts away!
You hear the quick rusting of a very distant drain.
The goblin barely misses you. The worker ant bites you.
You die...

####..##...# #.......#.
####...... #.........
#......... ###......#.
#......... #........#
#.......... #.....####
#...l...... #.....#
#.......... #.....##
##).......) #......# #
#..@....... #....#.#
#.#.ga...####
#....#.###........#
#....#..##.......)#
#####...##........########
######.#..#...............#
##...⌠...#'#...............#
...........................#
...⌠.>.⌠.................?.#


You could see a worker ant, a giant gecko (wandering) and a goblin.

Vanquished Creatures
  Sigmund (D:4)
  An ice beast (D:5)
  An ogre (D:4)
  An iguana (D:4)
  2 worker ants
  2 hounds
  7 gnolls
  8 adders
  A shadow imp (D:5)
  An ooze (D:1)
  9 worms
  2 giant geckos
  2 orcs (D:3)
  2 ball pythons (D:4)
  5 giant cockroaches
  3 hobgoblins
  A quokka (D:3)
  5 bats
  A giant gecko skeleton (D:4)
  A giant gecko zombie (D:5)
  9 giant newts
  A giant spore (D:5)
  8 goblins
  A goblin zombie (Ossuary)
  A hobgoblin zombie (Ossuary)
  14 jackals (D:4)
  6 kobolds
  2 kobold zombies (Ossuary)
  An orc zombie (Ossuary)
  A quokka skeleton (D:4)
  2 quokka zombies (Ossuary)
  6 rats
108 creatures vanquished.

Notes
Turn   | Place    | Note
--------------------------------------------------------------
     0 | D:1      | oplop, the Tengu Air Elementalist, began the quest for the Orb.
     0 | D:1      | Reached XP level 1. HP: 10/10 MP: 4/4
   206 | D:1      | Reached XP level 2. HP: 15/15 MP: 1/6
   941 | D:2      | Reached XP level 3. HP: 19/19 MP: 1/7
  1007 | D:2      | Learned a level 3 spell: Static Discharge
  1010 | D:2      | Learned a level 2 spell: Swiftness
  1671 | D:3      | Reached skill level 1 in Fighting
  1835 | D:3      | Reached XP level 4. HP: 18/25 MP: 5/9
  2514 | D:4      | Learned a level 2 spell: Repel Missiles
  2585 | D:4      | Found a sacrificial altar of Ru.
  2623 | D:4      | Gained mutation: You can fly. [Tengu growth]
  2623 | D:4      | Reached XP level 5. HP: 29/29 MP: 3/10
  3044 | D:4      | Noticed a phantom
  3612 | D:4      | Reached skill level 5 in Air Magic
  4101 | D:4      | Reached XP level 6. HP: 34/36 MP: 2/12
  4175 | D:4      | Noticed an ogre
  4214 | D:4      | Noticed Sigmund
  4227 | D:4      | Killed Sigmund
  4350 | D:4      | Killed an ogre
  4350 | D:4      | Reached skill level 5 in Conjurations
  4350 | D:4      | Reached XP level 7. HP: 21/41 MP: 3/13
  4486 | D:4      | Found a deep blue altar of Sif Muna.
  4486 | D:4      | Found a radiant altar of Vehumet.
  4487 | D:4      | Found an iron altar of Okawaru.
  4490 | D:4      | Found a bloodstained altar of Trog.
  4591 | D:4      | Became a worshipper of Vehumet
  4623 | D:4      | Reached skill level 6 in Air Magic
  4670 | D:5      | Entered Level 5 of the Dungeon
  4939 | D:5      | Found a staircase to the Ecumenical Temple.
  4998 | D:5      | Found a sand-covered staircase.
  5021 | Ossuary  | Entered an ossuary
  5141 | D:5      | Slain by a worker ant

Vault maps used:
D:1:      lemuel_arrival_room, serial_forest, infiniplex_forest_clump_long,
          infiniplex_forest_zigzag_1, infiniplex_forest_clump_double,
          infiniplex_forest_clump_curved, infiniplex_forest_lined_2
D:4:      lemuel_castle_with_subvaults, nicolae_ru_sacrificial_ziggurat,
          minitemple, supply_closet_lemuel, uniq_sigmund
D:5:      kennysheep_mini_moat, kennysheep_mini, temple_fountains,
          enter_ossuary_3, first_bread, portal_sewer_entry_d
Ossuary:  ossuary_minmay_chase

Action                   |  1- 3 |  4- 6 |  7- 9 || total
-------------------------+-------+-------+-------++-------
Melee: Unarmed           |     7 |     8 |       ||    15
       Short sword       |       |    33 |     8 ||    41
       Dagger            |       |       |    14 ||    14
 Cast: Shock             |    73 |   162 |    34 ||   269
       Static Discharge  |       |     7 |    10 ||    17
       Repel Missiles    |       |       |     1 ||     1
  Use: Scroll            |       |     5 |     1 ||     6
       Potion            |       |     8 |     2 ||    10
  Eat: Chunk             |     4 |     3 |     3 ||    10
       Meat ration       |       |     1 |       ||     1
